 Dungeon Crawl Stone Soup version 0.20-a0-893-g832831a (webtiles) character file.

119 Rrauwl the Skirmisher (level 5, -1/42 HPs)
             Began as a Formicid Abyssal Knight on Mar 17, 2017.
             Was a Follower of Lugonu.
             Slain by a hungry ghost (4 damage)
             ... while paralysed
             ... on level 3 of the Abyss.
             The game lasted 00:06:24 (337 turns).

Rrauwl the Skirmisher (Formicid Abyssal Knight)      Turns: 337, Time: 00:06:25

Health: -1/42      AC:  3    Str: 18    XL:     5   Next: 24%
Magic:  6/6        EV:  2    Int: 11    God:    Lugonu [*.....]
Gold:   33         SH:  0    Dex: 10    Spells: 4/4 levels left

rFire    . . .     SeeInvis +   a - +1 mace
rCold    . . .     Gourm    .   b - +0 leather armour
rNeg     . . .     Faith    .   (no shield)
rPois    .         Spirit   .   (helmet unavailable)
rElec    .         Reflect  .   (no cloak)
rCorr    .         Harm     .   (no gloves)
MR       .....                  (no boots)
Stlth    +.........             (no amulet)
Regen    0.2/turn               (no ring)
MPRegen  0.1/turn               (no ring)

@: paralysed, fainting
A: permanent stasis, dig shafts and tunnels, four strong arms, antennae 3
a: Dig, Shaft Self, Depart the Abyss, Renounce Religion


You were on level 3 of the Abyss.
You worshipped Lugonu.
Lugonu was aware of your devotion.
You were fainting.

You visited 0 branches of the dungeon, and saw 0 of its levels.
You visited the Abyss 1 time.

You collected 33 gold pieces.

Inventory:

Hand Weapons
 a - a +1 mace (weapon)
Armour
 b - a +0 leather armour (worn)


   Skills:
 + Level 4.0 Fighting
 + Level 3.1 Maces & Flails
 + Level 3.4 Armour
 + Level 2.1 Dodging
 - Level 2.1 Invocations


You had 4 spell levels left.
You didn't know any spells.

Dungeon Overview and Level Annotations

Branches:
Dungeon (0/15)

Altars:


Innate Abilities, Weirdness & Mutations

You cannot be hasted, slowed, berserked, paralysed or teleported.
You can dig through walls and to a lower floor.
Your four strong arms can wield two-handed weapons with a shield.
You have a pair of large antennae on your head. (SInv)


Message History

The hungry ghost is severely damaged.
The hungry ghost barely misses you.
You barely miss the hungry ghost.
The hungry ghost is severely damaged.
The hungry ghost hits you.
* * * LOW HITPOINT WARNING * * *
You feel somewhat more hungry.
You're too hungry.
You hit the hungry ghost but do no damage.
The hungry ghost is severely damaged.
The hungry ghost hits you.
You are fainting from starvation!
You hit the hungry ghost.
The hungry ghost is almost destroyed.
You lose consciousness!
The hungry ghost hits you.
You feel slightly more hungry. The hungry ghost hits you.
You feel slightly more hungry. The hungry ghost hits you.
You feel slightly more hungry. The hungry ghost hits you.
You die...

. . # #
.#. # #.
.. # .
#..#. .#
## ##
#... . .
#. .
.#.. #
.ยงยง...
. #.. .
# ##. .
. . #..
##.. .#
.... .
.#W# .
.. .
.#@# #
.# . .
### .
#.. # #
.. . ..
. { . #
{


You could see a hungry ghost.

Vanquished Creatures
  An eye of draining (Abyss:1)
  A small abomination (Abyss:3)
2 creatures vanquished.

Notes
Turn   | Place    | Note
-------+----------+-------------------------------------------
     0 | Abyss:1  | Rrauwl the Formicid Abyssal Knight began the quest for the Orb.
     0 | Abyss:1  | Reached XP level 1. HP: 18/18 MP: 2/2
    35 | Abyss:1  | Noticed an eye of draining
    43 | Abyss:1  | Noticed a raiju
    51 | Abyss:1  | Killed an eye of draining
    51 | Abyss:1  | Reached skill level 1 in Dodging
    51 | Abyss:1  | Reached XP level 2. HP: 25/25 MP: 0/3
    51 | Abyss:1  | Reached XP level 3. HP: 30/30 MP: 0/4
    51 | Abyss:1  | Reached XP level 4. HP: 37/37 MP: 0/5
   120 | Abyss:2  | Noticed a small abomination
   137 | Abyss:2  | Noticed a small abomination
   142 | Abyss:2  | Noticed a smoke demon
   217 | Abyss:3  | Noticed a storm dragon skeleton
   256 | Abyss:3  | Noticed a large abomination
   279 | Abyss:3  | Reached skill level 4 in Fighting
   279 | Abyss:3  | Reached XP level 5. HP: 23/42 MP: 6/6
   305 | Abyss:3  | Noticed a hungry ghost
   332 | Abyss:3  | HP: 2/42 [hungry ghost (2)]
   334 | Abyss:3  | Paralysed by fainting for 8 turns
   337 | Abyss:3  | Slain by a hungry ghost

Vault maps used:
Abyss:2:  evilmike_abyss_exit_16, hangedman_shadowy_showcase
Abyss:3:  evilmike_abyss_exit_7

Skill      XL: |  1  2  3  4 |
---------------+-------------+-----
Armour         | 3 |  3.4
Dodging        | 1 2 |  2.1
Fighting       | 4 |  4.0
Maces & Flails | 3 |  3.1
Invocations    | |  2.1

Action                   |  1- 3 |  4- 6 || total
-------------------------+-------+-------++-------
Melee: Mace              |    12 |    45 ||    57
  Use: Potion            |       |     3 ||     3
       Scroll            |       |     1 ||     1
  Eat: Bread ration      |       |     1 ||     1
Armor: Leather armour    |       |     8 ||     8
Dodge: Dodged            |       |    32 ||    32
